 Dungeon Crawl Stone Soup version 0.26.1-11-gd32895ea62 (webtiles) character file.

Game seed: 17808152736412092004

28 jlumianski the Caller (level 3, 0/14 HPs)
             Began as a Felid Summoner on May 18, 2021.
             Slain by Grinder (5 damage)
             ... on level 3 of the Dungeon.
             The game lasted 00:08:28 (2046 turns).

jlumianski the Caller (Felid Summoner)              Turns: 2046, Time: 00:08:30

Health: 0/14       AC:  1    Str:  4    XL:     3   Next: 0%
Magic:  1/8        EV: 18    Int: 17    God:
Gold:   41         SH:  0    Dex: 16    Spells: 4/7 levels left
                                        Lives:  0   Deaths: 0

rFire    . . .     SeeInvis +   (weapon unavailable)
rCold    . . .     Faith    .   (shield unavailable)
rNeg     . . .     Spirit   .   (armour unavailable)
rPois    .         Reflect  .   (helmet unavailable)
rElec    .         Harm     .   (cloak unavailable)
rCorr    .         Rampage  .   (gloves unavailable)
Will     .....                  (boots unavailable)
Stlth    +++.......             (no amulet)
HPRegen  0.04/turn              (no ring)
MPRegen  0.11/turn              (no ring)

@: quick
A: very small, no armour, no weapons or thrown items, stealth, claws 1, fangs 3,
see invisible, speed 1, shaggy fur 1, sharp paws
a: no special abilities


You were on level 3 of the Dungeon.
You visited 1 branch of the dungeon, and saw 3 of its levels.

You collected 41 gold pieces.

Inventory:

Scrolls
 c - a scroll of fear {unknown}
 d - 3 scrolls of identify {unknown}
 e - a scroll of enchant armour {unknown}
 f - a scroll of remove curse {unknown}
Potions
 a - a potion of might {unknown}
 b - a potion of lignification {unknown}


   Skills:
 + Level 2.7 Dodging
 + Level 2.9 Stealth
 + Level 2.6 Spellcasting
 + Level 4.4 Summonings


You had 4 spell levels left.
You knew the following spells:

 Your Spells              Type           Power        Failure   Level
a - Summon Small Mammal   Summ           68%          3%          1
b - Call Imp              Summ           17%          4%          2

Your spell library contained the following spells:

 Spells                   Type           Power        Failure   Level
 Call Canine Familiar     Summ           17%          9%          3
 Summon Guardian Golem    Hex/Summ       9%           22%         3
 Summon Ice Beast         Ice/Summ       9%           58%         4
 Summon Lightning Spire   Summ/Air       9%           58%         4


Dungeon Overview and Level Annotations

Branches:
Dungeon (2/15)

Altars:
Trog

Annotations:
D:3 Grinder


Innate Abilities, Weirdness & Mutations

You cannot wear armour.
You are incapable of wielding weapons or throwing items.
Your paws allow you to move quietly. (Stealth)
You have sharp claws.
You have razor-sharp teeth.
You have supernaturally acute eyesight. (SInv)
You cover ground quickly.
You are covered in fur. (AC +1)
Your sharp claws are effective at attacking unaware monsters.


Message History

Grinder gestures at you.
Your crimson imp suddenly stops moving!
Grinder hits your crimson imp!
Your crimson imp dies!
Grinder gestures at you.
Your shadow imp resists with significant effort.
Casting: Call Imp (safe; 4% risk of failure)
Confirm with . or Enter, or press ? or * to list all spells.
A beastly little devil appears in a puff of frigid air.
Grinder blinks!
Found 13 gold pieces.
Your white imp hits Grinder.
Your white imp freezes Grinder.
Grinder resists.
Grinder closely misses you.
You closely miss Grinder.
Grinder is moderately wounded.
Your white imp gestures at Grinder.
The puff of frost hits Grinder.
Grinder resists.
Grinder hits you!
Ouch! That really hurt!
You writhe in agony.
You die...

. #..## .#+#...
....... ### $..... #..
...5###### ##### #.#
#+#.......### #55.#
#.#
##..#.#......###@#.#
#.#
#............+.$.#.#
#.#
#.......##....####.#
#.# #.......# #...#
#5###.#
#..####.###..##
#.#...# #...##...##..#
#.#.### #......_...5.#
#ยง#.# #.........5..##
#.#.#
###....###...r####.#.#


You could see Grinder and a friendly white imp (summoned).

Vanquished Creatures (collateral kills)
  2 adders (D:2)
  A leopard gecko (D:2)
  An orc (D:3)
  4 bats
  A giant cockroach (D:1)
  3 goblins (D:1)
  5 hobgoblins
  2 kobolds (D:1)
  2 frilled lizards (D:1)
  5 rats
26 creatures vanquished.

Notes
Turn   | Place    | Note
-------+----------+-------------------------------------------
     0 | D:1      | jlumianski the Felid Summoner began the quest for the Orb.
     0 | D:1      | Reached XP level 1. HP: 7/7 MP: 4/4
   842 | D:1      | Reached XP level 2. HP: 11/11 MP: 0/6
  1006 | D:1      | Learned a level 2 spell: Call Imp
  1821 | D:2      | You fall into a shaft and drop 1 floor!
  1917 | D:3      | Found a bloodstained altar of Trog.
  1930 | D:3      | Reached XP level 3. HP: 14/14 MP: 4/8
  1978 | D:3      | Noticed Grinder
  1981 | D:3      | Paralysed by Grinder for 6 turns
  2046 | D:3      | Slain by Grinder

Illustrated notes

Levels and vault maps discovered:
D:1:      sevenhm_arrival_forest_fort_small_3, layout_loops_ring
D:2:      layout_loops_ring, chequers_ecumenical_altar_island,
          grunt_ministairs_9, yredelemnul_altar_generic
D:3:      layout_basic, trog_three_pillars_becter, uniq_grinder

Action                   || total
-------------------------++-------
Melee: Unarmed           ||     7
 Cast: Summon Small Mamm ||    76
       Call Imp          ||    14
Armor: Skin              ||     5
Dodge: Dodged            ||    25
